 Dungeon Crawl Stone Soup version 0.19-a0-1704-gbd66c22 (webtiles) character file.

9 Amnesiac the Digger (level 2, -2/19 HPs)
             Began as a Formicid Earth Elementalist on Sept 27, 2016.
             Killed from afar by an orc wizard (8 damage)
             ... with a magic dart
             ... on level 3 of the Dungeon.
             The game lasted 00:01:48 (341 turns).

Amnesiac the Digger (Formicid Earth Elementalist)    Turns: 341, Time: 00:01:49

Health: -2/19      AC:  3    Str: 12    XL:     2   Next: 25%
Magic:  4/5        EV: 12    Int: 14    God:
Gold:   0          SH:  0    Dex: 11    Spells: 2 memorised, 3 levels left

rFire  . . .     SeeInvis +     i - +0 flail (venom)
rCold  . . .     Gourm    .     c - +0 robe
rNeg   . . .     Faith    .     (no shield)
rPois  .         Spirit   .     (helmet unavailable)
rElec  .         Dismiss  .     (no cloak)
rCorr  .         Reflect  .     (no gloves)
MR     .....     Harm     .     (no boots)
Stlth  ++........               (no amulet)
                                (no ring)
                                (no ring)

@: no status effects
A: permanent stasis, dig shafts and tunnels, four strong arms, antennae 3
a: Dig, Shaft Self


You were on level 3 of the Dungeon.
You were not hungry.

You visited 1 branch of the dungeon, and saw 3 of its levels.

Inventory:

Hand Weapons
 f - a +0 whip
 i - a +0 flail of venom (weapon)
Missiles
 b - 45 stones (quivered)
Armour
 c - a +0 robe (worn)
Jewellery
 h - a cursed ring of protection from magic {unknown}
Potions
 a - a potion of heal wounds {unknown}
Books
 e - a book of Geomancy

   Spells                             Type                      Level
   a - Sandblast                      Earth                        1
   b - Passwall                       Transmutation/Earth          2
   c - Stone Arrow                    Conjuration/Earth            3
   d - Petrify                        Transmutation/Earth          4
   e - Lee's Rapid Deconstruction     Earth                        5
Comestibles
 d - a bread ration
 g - a chunk of flesh


   Skills:
 - Level 1.7 Dodging
 - Level 2.4 Stealth
 - Level 2.5 Spellcasting
 - Level 1.1 Transmutations
 + Level 4.0 Earth Magic


You had 3 spell levels left.
You knew the following spells:

 Your Spells              Type           Power        Failure   Level  Hunger
f - Sandblast             Erth           ##....       4%          1    #......
v - Passwall              Tmut/Erth      #.........   14%         2    ###....


Dungeon Overview and Level Annotations

Branches:
Dungeon (3/15)

Altars:


Innate Abilities, Weirdness & Mutations

You are under a permanent stasis effect.
You can dig through walls and to a lower floor.
Your four strong arms can wield two-handed weapons with a shield.
You have a pair of large antennae on your head. (SInv)


Message History

You closely miss the orc wizard. The orc wizard closely misses you.
You closely miss the orc wizard.
The orc wizard points at you and mumbles some strange words.
The magic dart hits you!
The orc wizard casts a spell.
The orc wizard blinks!
You barely miss the orc wizard. The orc wizard hits you with a dagger.
You hit the orc wizard.
The orc wizard is moderately wounded.
The orc wizard gestures wildly while chanting.
The orc wizard seems to speed up.
You sock the orc wizard!
The orc wizard is almost dead.
The orc wizard closely misses you. The orc wizard misses you.
You hit the orc wizard.
The orc wizard is poisoned.
The orc wizard is almost dead.
The orc wizard hits you with a dagger.
The orc wizard gestures at you while chanting.
The magic dart hits you!
You die...

#.# #.# #.#### #.#..##.#
#.#..##.# #.#..##.# #o#..##[#
#o#..##.# {##### #@#..##.#
#...##########.#..##.#######.
#..............#.............
#...#############.##.########
#...##### #.......##.#
#.......# #.########.#
#######.###.### #.########
#........# #........#
#..###.#.# ########.#


You could see an orc wizard and an orc.

Vanquished Creatures
  An orc (D:3)
  4 jackals
  A kobold (D:1)
  A rat (D:3)
7 creatures vanquished.

Notes
Turn   | Place    | Note
-------+----------+-------------------------------------------
     0 | D:1      | Amnesiac the Formicid Earth Elementalist began the quest for the Orb.
     0 | D:1      | Reached XP level 1. HP: 13/13 MP: 3/3
    88 | D:2      | Reached XP level 2. HP: 18/19 MP: 5/5
   121 | D:2      | Learned a level 2 spell: Passwall
   257 | D:3      | Reached skill level 4 in Earth Magic
   341 | D:3      | Killed from afar by an orc wizard

Vault maps used:
D:1:      grunt_arrival_lava_bath
D:2:      serial_forest, infiniplex_forest_corner_1, infiniplex_forest_end_2,
          infiniplex_forest_straight_4, infiniplex_forest_straight_3,
          infiniplex_forest_lined_4_way, infiniplex_forest_clump_double,
          infiniplex_forest_lined_room_3, infiniplex_forest_clump_small,
          infiniplex_forest_corner_2, first_bread, minivault_14, uniq_natasha
D:3:      regret_index_temple_of_mockery, lemuel_crystal_altar, minivault_4

Skill      XL: |  1  2 |
---------------+-------+-----
Earth Magic    | 4 |  4.0
Dodging        | |  1.7
Stealth        | |  2.4
Spellcasting   | |  2.5
Transmutations | |  1.1

Action                   || total
-------------------------++-------
Melee: Whip              ||     8
       Flail             ||     6
 Cast: Sandblast         ||     8
       Passwall          ||     4
Armor: Robe              ||     3
Dodge: Dodged            ||    14
